 Dungeon Crawl Stone Soup version 0.19.0-9-gfd783f2 (webtiles) character file.

312 Stormleaks the Poker (level 6, -1/72 HPs)
             Began as a Human Berserker on Nov 7, 2016.
             Was a Believer of Trog.
             Killed by divine providence
             ... invoked by an orc priest
              (18 damage)
             ... on level 4 of the Dungeon.
             The game lasted 00:29:41 (5429 turns).

Stormleaks the Poker (Human Berserker)              Turns: 5429, Time: 00:29:44

Health: -1/72      AC:  5    Str: 25    XL:     6   Next: 71%
Magic:  6/6        EV: 13    Int:  7    God:    Trog [**....]
Gold:   177        SH:  0    Dex: 12    Spells: 0 memorised, 5 levels left

rFire  . . .     SeeInvis .     a - +1 spear
rCold  . . .     Gourm    .     d - +0 leather armour
rNeg   . . .     Faith    .     (no shield)
rPois  .         Spirit   .     (no helmet)
rElec  .         Reflect  .     (no cloak)
rCorr  .         Harm     +     (no gloves)
MR     .....     Rnd*Tele +     (no boots)
Stlth  ..........               k - amulet of harm
                                m - ring of teleportation (curse)
                                f - ring of flight

@: berserking (expiring), very quick
A: iridescent scales 1
a: Berserk, Trog's Hand, Burn Spellbooks, Renounce Religion, Evoke Flight


You were on level 4 of the Dungeon.
You worshipped Trog.
Trog was pleased with you.
You were not hungry.

You visited 1 branch of the dungeon, and saw 4 of its levels.

You collected 177 gold pieces.

Inventory:

Hand Weapons
 a - a +1 spear (weapon)
Armour
 b - a +0 animal skin
 d - a +0 leather armour (worn)
 g - a +0 large shield
Jewellery
 f - a ring of flight (left hand)
 k - an amulet of harm (around neck)
 m - a cursed ring of teleportation (right hand)
Wands
 p - a wand of lightning (13/15)
 w - a wand of digging (15/24)
Scrolls
 h - 3 scrolls of enchant weapon
 i - a scroll of remove curse
 o - 3 scrolls of identify
 q - a scroll of magic mapping {unknown}
 r - a scroll of teleportation {unknown}
 v - a scroll of noise {unknown}
Potions
 c - a potion of haste
 e - a potion of heal wounds {unknown}
 j - a potion of agility {unknown}
 l - 2 potions of flight {unknown}
 n - a potion of lignification {unknown}
 s - a potion of curing {unknown}
 u - a potion of might {unknown}
Comestibles
 t - a bread ration


   Skills:
 + Level 3.8 Fighting
 + Level 5.0 Polearms
 + Level 3.1 Armour
 + Level 3.3 Dodging
 + Level 1.6 Stealth


You had 5 spell levels left.
You didn't know any spells.

Dungeon Overview and Level Annotations

Branches:
Dungeon (4/15)
 Temple: D:4-7

Altars:
Cheibriados
Gozag
Kikubaaqudgha
Okawaru


Innate Abilities, Weirdness & Mutations

You are partially covered in iridescent scales. (AC +2)


Message History

Trog accepts your kill. The phantom misses you. The orc barely misses you.
The orc priest closely misses you.
Things that are here:
a flail; an orc corpse You closely miss the orc priest.
The orc priest is almost dead.
The orc hits you with a hand axe. The orc closely misses you.
The phantom barely misses you.
The orc wizard points at you and mumbles some strange words.
The puff of frost hits you!
* * * LOW HITPOINT WARNING * * *
You puncture the orc wizard!
You kill the orc wizard!
Trog accepts your kill.
Trog appreciates your killing of a magic user.
Your Polearms skill increases to level 5!
The orc priest invokes the aid of Beogh against you.
Beogh smites you!
You die...

#.............
#......
#.............
#......
#..<.(........
#......
#.............
#......
#.............
#......
#.....(.......
#......
#...o.........
#......
#...oWol......
#......
#....@o.......
#......
##...o).......
#......
#............
#......
#.............
#......
#.............
#......
#......).....
#......
#............
#......
#............
#......
#......


You could see a phantom, an orc priest, 4 orcs and a frilled lizard.

Vanquished Creatures
  A scorpion (D:4)
  2 orc wizards (D:4)
  A worker ant (D:4)
  A hound zombie (D:3)
  6 adders
  An ooze (D:1)
  5 worms
  A dart slug (D:1)
  6 leopard geckos
  5 orcs
  4 giant cockroaches
  10 goblins
  11 hobgoblins
  A quokka (D:2)
  2 ball pythons (D:1)
  11 bats
  7 frilled lizards
  9 kobolds
  7 rats
  A withered plant (D:2)
92 creatures vanquished.

Notes
Turn   | Place    | Note
-------+----------+-------------------------------------------
     0 | D:1      | Stormleaks the Human Berserker began the quest for the Orb.
     0 | D:1      | Reached XP level 1. HP: 18/18 MP: 1/1
    16 | D:1      | Reached XP level 2. HP: 6/24 MP: 2/2
   707 | D:1      | Reached XP level 3. HP: 29/29 MP: 3/3
  1461 | D:2      | Reached XP level 4. HP: 30/35 MP: 4/4
  1804 | D:2      | Found an ancient bone altar of Kikubaaqudgha.
  1982 | D:2      | Found an iron altar of Okawaru.
  3722 | D:2      | Reached skill level 4 in Polearms
  3722 | D:2      | Reached XP level 5. HP: 34/41 MP: 5/5
  4015 | D:2      | Reached ** piety under Trog
  4027 | D:3      | Found a snail-covered altar of Cheibriados.
  4041 | D:3      | Gained mutation: You are partially covered in iridescent scales. (AC +2) [potion of beneficial mutation]
  4116 | D:3      | Found a faded altar of an unknown god.
  4276 | D:3      | Found an opulent altar of Gozag.
  4438 | D:3      | Reached skill level 1 in Stealth
  5054 | D:4      | Reached XP level 6. HP: 37/48 MP: 6/6
  5387 | D:4      | Found an opulent altar of Gozag.
  5414 | D:4      | Noticed a phantom
  5429 | D:4      | Reached skill level 5 in Polearms
  5429 | D:4      | Killed from afar by an orc priest

Skill      XL: |  1  2  3  4  5  6 |
---------------+-------------------+-----
Polearms       | 4 5 |  5.0
Dodging        | 3 |  3.3
Stealth        | 1 |  1.6
Armour         | 3 |  3.1
Fighting       | |  3.8

Action                   |  1- 3 |  4- 6 || total
-------------------------+-------+-------++-------
Melee: Spear             |   118 |   298 ||   416
Invok: Berserk           |       |     9 ||     9
  Use: Scroll            |     1 |     4 ||     5
       Potion            |       |     3 ||     3
 Stab: Sleeping          |       |     1 ||     1
  Eat: Pizza             |     1 |       ||     1
       Bread ration      |       |     2 ||     2
       Meat ration       |       |     2 ||     2
       Royal jelly       |       |     1 ||     1
       Beef jerky        |       |     1 ||     1
Armor: Animal skin       |     7 |       ||     7
       Leather armour    |    32 |    51 ||    83
Dodge: Dodged            |    94 |   160 ||   254
